 Dungeon Crawl Stone Soup version 0.25.1-2-g60ff931df9 (webtiles) character file.

Game seed: 1819033420862601481

235 raphialitos the Covert (level 5, -8/26 HPs)
             Began as a Spriggan Assassin on Oct 14, 2020.
             Mangled by Duvessa
             ... wielding a +0 rapier
              (12 damage)
             ... on level 4 of the Dungeon.
             The game lasted 00:08:17 (3597 turns).

raphialitos the Covert (Spriggan Assassin)          Turns: 3597, Time: 00:08:17

Health: -8/26      AC:  3    Str:  7    XL:     5   Next: 76%
Magic:  6/6        EV: 17    Int: 12    God:
Gold:   142        SH:  0    Dex: 19    Spells: 4/4 levels left

rFire    . . .     SeeInvis +   r - +4 short sword
rCold    . . .     Gourm    .   (shield restricted)
rNeg     . . .     Faith    .   b - +0 robe
rPois    .         Spirit   .   (helmet restricted)
rElec    .         Reflect  .   c - +0 cloak
rCorr    .         Harm     .   (gloves unavailable)
MR       .....                  (boots unavailable)
Stlth    +++++.....             (no amulet)
HPRegen  0.08/turn              l - ring of stealth
MPRegen  0.10/turn              (no ring)

@: very quick
A: very small, unfitting armour, see invisible, herbivore, speed 3, slow
metabolism 2
a: no special abilities


You were on level 4 of the Dungeon.
You were not hungry.

You visited 1 branch of the dungeon, and saw 4 of its levels.

You collected 142 gold pieces.

Inventory:

Hand Weapons
 a - a +3 dagger
 r - a +4 short sword (weapon)
Missiles
 d - 31 poisoned darts (quivered)
 e - 5 curare-tipped darts
 j - 42 bolts
Armour
 b - a +0 robe (worn)
 c - a +0 cloak (worn)
Jewellery
 l - a ring of stealth (left hand)
Scrolls
 k - a scroll of remove curse
 o - 2 scrolls of teleportation
 p - a scroll of identify
Potions
 g - 2 potions of cancellation
 h - a potion of curing
 i - a potion of invisibility
 n - a potion of stabbing
Comestibles
 f - 10 rations


   Skills:
 + Level 1.7 Fighting
 + Level 3.4 Short Blades
 + Level 2.8 Throwing
 + Level 2.1 Dodging
 + Level 9.3 Stealth


You had 4 spell levels left.
You didn't know any spells.
Your spell library contained the following spells:

 Spells                   Type           Power        Failure   Level  Hunger
 Corona                   Hex            #......      32%         1    ##.....
 Ensorcelled Hibernation  Hex/Ice        #.....       45%         2    ###....
 Confusing Touch          Hex            #.......     69%         3    ####...
 Dazzling Flash           Conj/Hex       #.....       69%         3    ####...
 Tukima's Dance           Hex            #.......     69%         3    ####...


Dungeon Overview and Level Annotations

Branches:
Dungeon (4/15)
 Temple: D:4-7

Altars:
Cheibriados
Okawaru
Ru

Annotations:
D:4 Duvessa


Innate Abilities, Weirdness & Mutations

You are very small and have problems with some larger weapons.
You are too small for most types of armour.
You have supernaturally acute eyesight. (SInv)
You are a herbivore.
You cover ground extremely quickly.
You need to consume almost no food.


Message History

You skewer Dowan like a kebab!!!
You kill Dowan!
Duvessa screams, "No!
How DARE you!"
Duvessa goes berserk!
You barely miss Duvessa. Duvessa hits you with a +0 rapier!
Ouch! That really hurt!
You hit Duvessa but do no damage. Duvessa closely misses you.
Duvessa misses you.
You hit Duvessa.
Duvessa is lightly wounded.
Duvessa barely misses you.
You hit Duvessa but do no damage.
Duvessa is lightly wounded.
Duvessa hits you with a +0 rapier!
* * * LOW HITPOINT WARNING * * *
You barely miss Duvessa.
Duvessa is lightly wounded.
Duvessa misses you. Duvessa hits you with a +0 rapier!
You die...

.....
.....####
.......#
#.....#
#....#
#....#
..##....#
......e@#
..##..).#
#....#
#....#
#....#
######


You could see Duvessa (berserk).

Vanquished Creatures
  Dowan (D:4)
  2 orc wizards (D:3)
  5 gnolls
  2 adders (D:2)
  3 worms
  A dart slug (D:1)
  7 orcs (D:3)
  A giant cockroach (D:2)
  8 goblins
  7 hobgoblins
  7 kobolds
  A quokka (D:3)
  2 bats
  3 frilled lizards
  3 rats (D:2)
53 creatures vanquished.

Notes
Turn   | Place    | Note
-------+----------+-------------------------------------------
     0 | D:1      | raphialitos the Spriggan Assassin began the quest for the
                  | Orb.
     0 | D:1      | Reached XP level 1. HP: 10/10 MP: 2/2
    57 | D:1      | Reached skill level 6 in Stealth
   294 | D:1      | Reached XP level 2. HP: 1/14 MP: 3/3
   971 | D:2      | Reached XP level 3. HP: 18/18 MP: 4/4
   986 | D:2      | Reached skill level 7 in Stealth
  1052 | D:2      | Found a sacrificial altar of Ru.
  1053 | D:2      | Found a snail-covered altar of Cheibriados.
  1302 | D:2      | Reached XP level 4. HP: 22/22 MP: 5/5
  1345 | D:2      | Reached skill level 8 in Stealth
  1924 | D:2      | Found an iron altar of Okawaru.
  2524 | D:3      | HP: 1/22 [orc (3)]
  3437 | D:3      | Reached XP level 5. HP: 26/26 MP: 6/6
  3442 | D:3      | Reached skill level 9 in Stealth
  3590 | D:4      | Noticed Duvessa
  3590 | D:4      | Noticed Dowan
  3591 | D:4      | Killed Dowan
  3597 | D:4      | Mangled by Duvessa

Illustrated notes

Levels and vault maps discovered:
D:1:      minmay_arrival_stone_box, layout_loops_ring
D:2:      layout_loops_cross, lemuel_coloured_pillars_altar, minitemple,
          minmay_fractal_squares_gapless_5
D:3:      layout_loops_ring, first_ration, minmay_misc_feat_enclosed,
          nicolae_underground_beach
D:4:      layout_rooms, minmay_misc_feat_pillars, uniq_edmund, uniq_duvessa,
          uniq_eustachio

Skill      XL: |  1  2  3  4  5 |
---------------+----------------+-----
Stealth        | 6 7 8 9 |  9.3
Short Blades   | 3 |  3.4
Dodging        | 2 |  2.1
Fighting       | |  1.7
Throwing       | |  2.8

Action                   |  1- 3 |  4- 6 || total
-------------------------+-------+-------++-------
Melee: Dagger            |    52 |    80 ||   132
       Short sword       |       |    13 ||    13
Throw: Dart              |     6 |    23 ||    29
  Use: Scroll            |     3 |     8 ||    11
 Stab: Sleeping          |    15 |    12 ||    27
Armor: Robe              |       |     3 ||     3
Dodge: Dodged            |    23 |    54 ||    77
